 Dungeon Crawl Stone Soup version 0.27-a0-1147-gb3d8e82157 (webtiles) character file.

Game seed: 9250513096278276124

135 EWolf27 the Skirmisher (level 4, 41/41 HPs)
             Began as a Minotaur Fighter on May 1, 2021.
             Quit the game on level 3 of the Dungeon on May 11, 2021.
             The game lasted 00:06:46 (2668 turns).

EWolf27 the Skirmisher (Minotaur Fighter)           Turns: 2668, Time: 00:06:47

Health: 41/41      AC:  7    Str: 21    XL:     4   Next: 96%
Magic:  3/3        EV:  7    Int:  5    God:
Gold:   118        SH:  9    Dex: 10    Spells: 3/3 levels left

rFire    . . .     SeeInvis .   a - +0 war axe
rCold    . . .     Faith    .   c - +0 kite shield
rNeg     . . .     Spirit   .   b - +0 scale mail
rPois    .         Reflect  .   (helmet restricted)
rElec    .         Harm     .   (no cloak)
rCorr    .         Rampage  .   (no gloves)
Will     .....                  (no boots)
Stlth    ..........             (no amulet)
HPRegen  0.13/turn              (no ring)
MPRegen  0.08/turn              (no ring)

@: no status effects
A: horns 2, retaliatory headbutt
a: no special abilities


You were on level 3 of the Dungeon.
You visited 1 branch of the dungeon, and saw 3 of its levels.

You collected 118 gold pieces.

Inventory:

Hand Weapons
 a - a +0 war axe (weapon)
Missiles
 k - 2 javelins (quivered)
 m - 4 datura-tipped darts
Armour
 b - a +0 scale mail (worn)
 c - a +0 kite shield (worn)
Scrolls
 e - a scroll of fear {unknown}
 g - a scroll of acquirement {unknown}
 l - 2 scrolls of teleportation {unknown}
Potions
 d - a potion of might
 f - a potion of brilliance {unknown}
 h - a potion of flight {unknown}
 i - a potion of curing {unknown}
 j - a potion of haste {unknown}
 n - a potion of cancellation {unknown}
 o - 2 potions of ambrosia {unknown}


   Skills:
 + Level 4.8 Fighting
 + Level 4.0 Axes
 + Level 4.8 Armour
 - Level 4.0 Shields


You had 3 spell levels left.
You didn't know any spells.
Your spell library contained the following spells:

 Spells                   Type           Power      Damage    Failure   Level
 Corona                   Hex            0%         N/A       99%         1
 Ensorcelled Hibernation  Hex/Ice        0%         N/A       100%        2
 Confusing Touch          Hex            0%         N/A       100%        3
 Dazzling Flash           Conj/Hex       0%         N/A       100%        3
 Tukima's Dance           Hex            0%         N/A       100%        3


Dungeon Overview and Level Annotations

Branches:
Dungeon (3/15)

Altars:


Innate Abilities, Weirdness & Mutations

You have a pair of horns on your head.
You reflexively headbutt those who attack you in melee.


Message History

Found a hunting sling.
A kobold comes into view. It is wielding a +0 dagger.
You block the kobold's attack.
Found 12 gold pieces.
You hit the kobold.
The kobold is heavily wounded.
The kobold barely misses you. You furiously retaliate!
You headbutt the kobold!
You kill the kobold!
No target in view!
No target in view!
No target in view!
Found 9 gold pieces.
Things that are here:
a +0 dagger; a kobold corpse You now have 109 gold pieces (gained 12).
Things that are here:
a +0 dagger; a kobold corpse You now have 118 gold pieces (gained 9).
A hobgoblin comes into view.
The hobgoblin shouts!
The hobgoblin closely misses you.
You barely miss the hobgoblin. The hobgoblin barely misses you.
You furiously retaliate!
You headbutt the hobgoblin!
You kill the hobgoblin!
No target in view!
No target in view!
No target in view!
No target in view!
You see here a hobgoblin corpse.
Found a stone staircase leading down.
There is a stone staircase leading down here.
Done exploring.
Done exploring.
There is a stone staircase leading down here.
You climb downwards.
There is a stone staircase leading up here.
Saving game... please wait.
Welcome back, EWolf27 the Minotaur Fighter.
Press ? for a list of commands and other information.
Are you sure you want to abandon this character and quit the game? (Confirm with "yes".)

#########.###
#.....@.....#
...###.....#.#
#...#.....
#.... #.#.
....## #
###..# #...
##.#


There were no monsters in sight!

Vanquished Creatures
  Natasha (thrice) (D:2)
  An adder (D:2)
  2 ball pythons
  6 bats
  4 endoplasms
  5 goblins
  3 hobgoblins
  9 jackals
  2 quokkas (D:2)
  2 frilled lizards (D:2)
  6 kobolds
  6 rats
49 creatures vanquished.

Notes
Turn   | Place    | Note
-------+----------+-------------------------------------------
     0 | D:1      | EWolf27 the Minotaur Fighter began the quest for the Orb.
     0 | D:1      | Reached XP level 1. HP: 19/19 MP: 0/0
   377 | D:1      | Reached XP level 2. HP: 27/27 MP: 1/1
   743 | D:1      | Upgraded the game from 0.27-a0-1113-gb2b6fe9c5e to
                  | 0.27-a0-1147-gb3d8e82157
  1129 | D:1      | Reached XP level 3. HP: 15/33 MP: 2/2
  1927 | D:2      | Noticed Natasha
  1938 | D:2      | Killed Natasha
  1939 | D:2      | Reached XP level 4. HP: 24/41 MP: 3/3
  2115 | D:2      | Noticed Natasha
  2119 | D:2      | Killed Natasha
  2162 | D:2      | Noticed Natasha
  2167 | D:2      | Killed Natasha
  2668 | D:3      | Quit the game

Illustrated notes

Levels and vault maps discovered:
D:1:      grunt_arrival_lava_bath, layout_loops_ring, minmay_misc_feat_hallway,
          minmay_tromino_i2
D:2:      layout_loops_ring, minmay_cupped, uniq_natasha
D:3:      layout_loops_cross, minitemple, gammafunk_ghost_abyssal_escape,
          minmay_divided_ellipse

Skill      XL: |  1  2  3  4 |
---------------+-------------+-----
Fighting       | 4 |  4.8
Shields        | 4 |  4.0
Armour         | 4 |  4.8
Axes           | 3 4 |  4.0

Action                   |  1- 3 |  4- 6 || total
-------------------------+-------+-------++-------
Melee: War axe           |    82 |    29 ||   111
       Headbutt          |    10 |     2 ||    12
Armor: Scale mail        |    44 |    10 ||    54
Dodge: Dodged            |    27 |     8 ||    35
Block: Kite shield       |    49 |    10 ||    59

Table legend: (Time is in decaauts)
 A = Elapsed time spent in this place.
 B = Non-inter-level travel time spent in this place.
 C = Inter-level travel time spent in this place.
 D = Time resting spent in this place.
 E = Time spent auto-exploring this place.
 F = Levels seen in this place.
 G = Mean time per level.
                   A        B        C        D        E       F      G
               +--------+--------+--------+--------+--------+-----+--------+
         Total |   2731 |   2647 |     84 |   1253 |    853 |   3 |  910.3 |
       Dungeon |   2731 |   2647 |     84 |   1253 |    853 |   3 |  910.3 |
               +--------+--------+--------+--------+--------+-----+--------+

Top non-repeatable levels by time:
     D:1: 1559 daAuts
     D:2: 1171 daAuts
     D:3: 0 daAuts
